 Dungeon Crawl Stone Soup version 0.28-a0-1493-g08698888e4 (webtiles) character file.

Game seed: 15497650087975007458

352 croobank the Shield-Bearer (level 6, 0/47 HPs)
             Began as a Draconian Transmuter on Jan 12, 2022.
             Slain by Sigmund (9 damage)
             ... on level 3 of the Dungeon.
             The game lasted 00:15:13 (2957 turns).

croobank the Shield-Bearer (Draconian Transmuter)   Turns: 2957, Time: 00:15:13

Health: 0/47       AC:  7    Str: 12    XL:     6   Next: 35%
Magic:  9/9        EV: 12    Int: 15    God:
Gold:   81         SH:  0    Dex: 12    Spells: 6/9 levels left

rFire   . . .      SeeInvis .   a - +1 spear (flame)
rCold   . . .      Faith    .   (no shield)
rNeg    . . .      Spirit   .   (armour unavailable)
rPois   .          Reflect  .   (helmet restricted)
rElec   .          Harm     .   d - +0 cloak
rCorr   .          Rampage  .   (no gloves)
Will    .....                   (no boots)
Stlth   +.........              (no amulet)
HPRegen 0.15/turn               (no ring)
MPRegen 0.11/turn               (no ring)

@: slowed, very slow
A: AC +6, unfitting armour, cold-blooded
a: no special abilities


You were on level 3 of the Dungeon.
You visited 1 branch of the dungeon, and saw 3 of its levels.

You collected 81 gold pieces.

Inventory:

Hand Weapons
 a - a +1 spear of flaming (weapon)
 b - a +0 hunting sling
 e - a +0 whip
Missiles
 c - 5 javelins
 f - 23 sling bullets
 j - 43 arrows
 n - 33 stones
 o - 6 curare-tipped darts (quivered)
Armour
 d - a +0 cloak (worn)
 h - a +2 kite shield of poison resistance
Jewellery
 m - a +6 ring of strength
Wands
 g - a wand of charming (3)
Scrolls
 i - a scroll of enchant weapon {unknown}
 k - a scroll of amnesia
 l - a scroll of vulnerability {unknown}
 q - a scroll of teleportation


   Skills:
 - Level 1.5 Fighting
 - Level 0.2 Polearms
 - Level 2.0 Dodging
 + Level 5.8 Shields
 - Level 3.1 Unarmed Combat
 - Level 2.2 Spellcasting
 - Level 2.2 Transmutations


You had 6 spell levels left.
You knew the following spells:

 Your Spells              Type           Power      Damage    Failure   Level
a - Beastly Appendage     Tmut           16%        N/A       9%          1
b - Wereblood             Tmut           8%         N/A       13%         2

Your spell library contained the following spells:

 Spells                   Type           Power      Damage    Failure   Level
 Sting                    Tmut/Pois      20%        1d4       14%         1
 Poisonous Vapours        Pois/Air       2%         N/A       32%         2
 Spider Form              Tmut/Pois      5%         N/A       38%         3
 Ice Form                 Ice/Tmut       5%         N/A       80%         4
 Olgreb's Toxic Radiance  Pois           1%         N/A       91%         4


Dungeon Overview and Level Annotations

Branches:
Dungeon (3/15)

Altars:
Yredelemnul

Annotations:
D:3 Sigmund


Innate Abilities, Weirdness & Mutations

Your plain brown scales are hard. (AC +6)
You cannot fit into any form of body armour.
You are cold-blooded and may be slowed by cold attacks.


Message History

You are more confused.
The endoplasm freezes you.
You are frozen.
You bump into the rock wall.
Sigmund casts a spell.
Sigmund flickers and vanishes!
Deactivating autopickup; reactivate with Ctrl-A.
The endoplasm hits you but does no damage.
You bump into the rock wall.
Something hits you! The endoplasm closely misses you.
You hit something but do no damage.
Your tail-slap misses something.
Your punch misses something. The endoplasm barely misses you.
Something hits you!
* * * LOW HITPOINT WARNING * * *
You hit something but do no damage.
Your tail-slap misses something.
The endoplasm barely misses you.
You bump into the rock wall.
You hear some strange, mumbled words.
Something tries to affect you, but you resist.
The endoplasm freezes you.
You are frozen.
* * * LOW HITPOINT WARNING * * *
You barely miss the endoplasm. Something hits you but does no damage.
The endoplasm freezes you.
You are frozen.
* * * LOW HITPOINT WARNING * * *
You feel yourself slow down.
It was a potion of curing.
You feel better. The endoplasm completely misses you.
You hear a zap.
A puff of flame appears from out of thin air!
The puff of flame hits you.
* * * LOW HITPOINT WARNING * * *
The endoplasm freezes you.
You are frozen.
* * * LOW HITPOINT WARNING * * *
Press: ? - help, v - describe, . - travel The floor, spattered with blood.
You hit something. You burn something. Something hits you!
You die...

#### .. ..### ..
##... ##### #. #...#
..... .##
##...#####... ..#
#........#### #.#
#........####
#{####............
#@##..............
#J>..#........####
#......#........# #
#.####.#........####
#. #.#######...... #
#.# ....... #.#
#######. ##. #.# #..
##########..# #.#
#...


You could see an endoplasm.

Vanquished Creatures
  Grinder (D:3)
  Ijyb (D:3)
  Jessica (D:3)
  Robin (D:3)
  3 gnolls (D:3)
  2 adders
  A dart slug (D:1)
  An endoplasm (D:1)
  4 giant cockroaches
  13 goblins
  10 hobgoblins
  2 kobolds
  A quokka (D:1)
  2 ball pythons (D:3)
  4 bats
  3 frilled lizards (D:1)
  3 rats
53 creatures vanquished.

Notes
Turn   | Place    | Note
-------+----------+-------------------------------------------
     0 | D:1      | croobank the Draconian Transmuter began the quest for the
                  | Orb.
     0 | D:1      | Reached XP level 1. HP: 16/16 MP: 3/3
   185 | D:1      | Reached XP level 2. HP: 23/23 MP: 3/5
   504 | D:1      | Learned a level 2 spell: Wereblood
   668 | D:1      | Found a faded altar of an unknown god.
  1144 | D:2      | Found a basalt altar of Yredelemnul.
  1277 | D:2      | Reached skill level 1 in Shields
  1277 | D:2      | Reached XP level 3. HP: 24/28 MP: 4/6
  1744 | D:3      | Noticed Ijyb
  1768 | D:3      | Killed Ijyb
  1769 | D:3      | Reached skill level 2 in Shields
  2133 | D:3      | Noticed Grinder
  2159 | D:3      | Paralysed by Grinder for 5 turns
  2166 | D:3      | Killed Grinder
  2167 | D:3      | Reached skill level 5 in Shields
  2167 | D:3      | Reached XP level 4. HP: 10/35 MP: 2/7
  2167 | D:3      | Reached XP level 5. HP: 12/40 MP: 2/8
  2415 | D:3      | Noticed Jessica
  2424 | D:3      | Noticed Robin
  2452 | D:3      | Killed Robin
  2453 | D:3      | Reached XP level 6. HP: 43/47 MP: 5/9
  2654 | D:3      | Killed Jessica
  2939 | D:3      | Noticed Sigmund
  2957 | D:3      | Slain by Sigmund

Illustrated notes

Levels and vault maps discovered:
D:1:      tarquinn_simple_flora_water_a, layout_basic,
          shapermc_ecumenical_altar_acropolis
D:2:      layout_loops_corners, basic_altar
D:3:      layout_rooms, st_stairs_8, uniq_sigmund, uniq_robin, uniq_jessica,
          uniq_ijyb, uniq_grinder

Skill      XL: |  1  2  3 |
---------------+----------+-----
Dodging        | 2 |  2.0
Shields        | 1 5 |  5.8
Fighting       | |  1.5
Polearms       | |  0.2
Unarmed Combat | |  3.1
Spellcasting   | |  2.2
Transmutations | |  2.2

Action                   |  1- 3 |  4- 6 || total
-------------------------+-------+-------++-------
Melee: Unarmed           |    10 |       ||    10
       Kick              |    18 |    10 ||    28
       Headbutt          |     5 |     8 ||    13
       Spear             |    54 |    64 ||   118
       Tailslap          |     2 |     7 ||     9
       Punch             |     2 |       ||     2
Throw: Javelin           |     4 |       ||     4
 Cast: Beastly Appendage |    23 |     6 ||    29
       Wereblood         |     1 |     2 ||     3
  Use: Potion            |     5 |     1 ||     6
       Scroll            |     3 |       ||     3
 Stab: Sleeping          |     1 |       ||     1
Armor: Skin              |    14 |    28 ||    42
Dodge: Dodged            |    43 |    49 ||    92

Table legend: (Time is in decaauts)
 A = Elapsed time spent in this place.
 B = Non-inter-level travel time spent in this place.
 C = Inter-level travel time spent in this place.
 D = Time resting spent in this place.
 E = Time spent auto-exploring this place.
 F = Levels seen in this place.
 G = Mean time per level.
                   A        B        C        D        E       F      G
               +--------+--------+--------+--------+--------+-----+--------+
         Total |   2975 |   2938 |     37 |    561 |   1746 |   3 |  991.7 |
       Dungeon |   2975 |   2938 |     37 |    561 |   1746 |   3 |  991.7 |
               +--------+--------+--------+--------+--------+-----+--------+

Top non-repeatable levels by time:
     D:3: 1249 daAuts
     D:2: 866 daAuts
     D:1: 860 daAuts
